3AA
SALEM MISFITS @ SAN BERNARDINO GRASSHOPPERS
09/01/2024
 
TOP OF THE 1ST
Salem Misfits batting - Pitching for San Bernardino Grasshoppers : LHP Myles Wilkerson
Pitching: LHP Myles Wilkerson
Batting: RHB Jesús Cisneros 0-0: Foul Ball, location: 2F
0-1: Swinging Strike
0-2: Ball
1-2: Ball
2-2: Foul Ball, location: 2F
2-2: Strikes out swinging
Batting: RHB Raúl Reyna 0-0: Ball
1-0: Ball
2-0: Ball
3-0: Called Strike
3-1: Base on Balls
Batting: SHB Fernando Sánchez 0-0: Ball
1-0: Called Strike
1-1: Swinging Strike
1-2: Foul Ball, location: 2F
1-2: Ball
2-2: Foul Ball, location: 2F
2-2: Foul Ball, location: 2F
2-2: Strikes out looking
Batting: LHB José Corona 0-0: Ball
1-0: 2-RUN HOME RUN (Flyball, 78XD), Distance : 432 ft
Batting: RHB Jim Unknown 0-0: Ball
1-0: Called Strike
1-1: Ball
2-1: Ball
3-1: Foul Ball, location: 2F
3-2: Base on Balls
Batting: RHB Ernesto Souza 0-0: Called Strike
Jim Unknown steals 2nd base
0-1: Called Strike
0-2: SINGLE (Line Drive, 56)
Jim Unknown to third
Batting: LHB Brent van Schoonhoven 0-0: Ball
1-0: Ground out 4-3 (Groundball, 4)
Top of the 1st over - 2 run(s), 2 hit(s), 0 error(s), 2 left on base; Salem 2 - San Bernardino 0
BOTTOM OF THE 1ST
San Bernardino Grasshoppers batting - Pitching for Salem Misfits : RHP Kenny Koehler
Pitching: RHP Kenny Koehler
Batting: RHB Manuel Rivera 0-0: Ball
1-0: Ball
2-0: Ball
3-0: Called Strike
3-1: Foul Ball, location: 2F
3-2: Base on Balls
Batting: RHB José Paz 0-0: Foul Ball, location: 2F
0-1: Swinging Strike
0-2: Grounds into double play, U4-3 (Groundball, 4M)
Batting: LHB Natale Langushi 0-0: Swinging Strike
0-1: Called Strike
0-2: Ball
1-2: Reached on error, E2 (Groundball, 2L)
Batting: RHB Manny Cervantes 0-0: Fly out, F9 (Flyball, 89M)
Bottom of the 1st over - 0 run(s), 0 hit(s), 1 error(s), 1 left on base; Salem 2 - San Bernardino 0
TOP OF THE 2ND
Salem Misfits batting - Pitching for San Bernardino Grasshoppers : LHP Myles Wilkerson
Batting: RHB Ramón Ávila 0-0: Ball
1-0: Ball
2-0: Ball
3-0: Called Strike
3-1: Base on Balls
Batting: RHB Héctor Cantú 0-0: Ball
1-0: Grounds into double play, 4-6-3 (Groundball, 4)
Batting: RHB Jesús Cisneros 0-0: Ball
1-0: Foul Ball, location: 2F
1-1: Ball
2-1: Foul Ball, location: 2F
2-2: Strikes out swinging
Top of the 2nd over - 0 run(s), 0 hit(s), 0 error(s), 0 left on base; Salem 2 - San Bernardino 0
BOTTOM OF THE 2ND
San Bernardino Grasshoppers batting - Pitching for Salem Misfits : RHP Kenny Koehler
Batting: LHB Jesús Reyes 0-0: Foul Ball, location: 2F
0-1: Ball
1-1: Called Strike
1-2: SINGLE (Groundball, 56D)
Batting: RHB José Ruíz 0-0: Called Strike
0-1: Called Strike
0-2: Grounds into double play, U6-3 (Groundball, 6M)
Batting: RHB Jerrel Woestenberg 0-0: Ball
1-0: Swinging Strike
1-1: Ball
2-1: Ball
3-1: Base on Balls
Batting: RHB Matt Roloff 0-0: Ball
1-0: Ball
2-0: Called Strike
2-1: Called Strike
2-2: Ball
3-2: Ground out 3-1 (Groundball, 3L)
Bottom of the 2nd over - 0 run(s), 1 hit(s), 0 error(s), 1 left on base; Salem 2 - San Bernardino 0
TOP OF THE 3RD
Salem Misfits batting - Pitching for San Bernardino Grasshoppers : LHP Myles Wilkerson
Batting: RHB Raúl Reyna 0-0: Ball
1-0: Ball
2-0: Called Strike
2-1: Ball
3-1: Fly out, F7 (Flyball, 7M)
Batting: SHB Fernando Sánchez 0-0: Ball
1-0: Ball
2-0: Foul Ball, location: 2F
2-1: Swinging Strike
2-2: Foul Ball, location: 2F
2-2: Ball
3-2: Ground out 1-3 (Groundball, 13S)
Batting: LHB José Corona 0-0: Ball
1-0: Called Strike
1-1: Foul Ball, location: 2F
1-2: Ball
2-2: Strikes out looking
Top of the 3rd over - 0 run(s), 0 hit(s), 0 error(s), 0 left on base; Salem 2 - San Bernardino 0
BOTTOM OF THE 3RD
San Bernardino Grasshoppers batting - Pitching for Salem Misfits : RHP Kenny Koehler
Batting: RHB Arnold Giroux 0-0: Ball
1-0: Foul Ball, location: 2F
1-1: DOUBLE (Line Drive, 89M)
Batting: RHB Manuel Rivera 0-0: Ball
1-0: Foul Ball, location: 2F
1-1: Ball
2-1: Foul Ball, location: 2F
2-2: Ball
3-2: SINGLE (Groundball, 56D) - runner OUT being hit by batted ball.
Batting: RHB José Paz 0-0: Foul Ball, location: 2F
0-1: Ball
1-1: Fly out, F8 (Flyball, 8RD)
Batting: LHB Natale Langushi 0-0: Ball
1-0: Ball
2-0: Ball
3-0: Base on Balls
Manuel Rivera to second
Batting: RHB Manny Cervantes 0-0: Ball
1-0: DOUBLE (Line Drive, 7LS)
Manuel Rivera scores
Natale Langushi to third
Batting: LHB Jesús Reyes 0-0: Ball
1-0: SINGLE (Groundball, 34D)
Natale Langushi scores
Manny Cervantes to third
Runner from 3rd tries for Home, SAFE, no throw or cutoff
Batting: RHB José Ruíz 0-0: Ball
1-0: Called Strike
1-1: Swinging Strike
1-2: Fielders Choice at 2nd, U4 (Groundball, 4M)
Bottom of the 3rd over - 3 run(s), 4 hit(s), 0 error(s), 1 left on base; Salem 2 - San Bernardino 3
TOP OF THE 4TH
Salem Misfits batting - Pitching for San Bernardino Grasshoppers : LHP Myles Wilkerson
Batting: RHB Jim Unknown 0-0: Called Strike
0-1: Swinging Strike
0-2: Ball
1-2: Ground out 6-3 (Groundball, 6M)
Batting: RHB Ernesto Souza 0-0: Ball
1-0: Called Strike
1-1: Ball
2-1: Ball
3-1: SINGLE (Line Drive, 6D)
Batting: LHB Brent van Schoonhoven 0-0: Ball
1-0: Called Strike
Ernesto Souza steals 2nd base
1-1: Ball
2-1: Ball
3-1: Base on Balls
Batting: RHB Ramón Ávila 0-0: Foul Ball, location: 2F
0-1: Foul Ball, location: 2F
0-2: Strikes out swinging
Batting: RHB Héctor Cantú 0-0: Called Strike
0-1: Ball
1-1: Foul Ball, location: 2F
1-2: SINGLE (Groundball, 34D)
Ernesto Souza to third
Brent van Schoonhoven to second
Runner from 3rd tries for Home, SAFE, no throw or cutoff
Batting: RHB Jesús Cisneros 0-0: Called Strike
0-1: Ball
1-1: Foul Ball, location: 2F
1-2: Foul Ball, location: 2F
1-2: Ball
2-2: Foul Ball, location: 2F
2-2: Foul Ball, location: 2F
2-2: Reached on error, E5 (Groundball, 5S)
Brent van Schoonhoven to third
Héctor Cantú to second
Batting: RHB Raúl Reyna 0-0: Called Strike
0-1: Foul Ball, location: 2F
0-2: Fielders Choice at 2nd, U6 (Groundball, 6M)
Top of the 4th over - 1 run(s), 2 hit(s), 1 error(s), 3 left on base; Salem 3 - San Bernardino 3
BOTTOM OF THE 4TH
San Bernardino Grasshoppers batting - Pitching for Salem Misfits : RHP Kenny Koehler
Batting: RHB Jerrel Woestenberg 0-0: Foul Ball, location: 2F
0-1: Called Strike
0-2: Foul Ball, location: 2F
0-2: Ground out 5-3 (Groundball, 56)
Batting: RHB Matt Roloff 0-0: SINGLE (Groundball, 4M)
Batting: RHB Arnold Giroux 0-0: Called Strike
0-1: Foul Ball, location: 2F
0-2: Ball
1-2: Ball
2-2: Ball
3-2: Strikes out swinging
Batting: RHB Manuel Rivera 0-0: Ball
1-0: Foul Ball, location: 2F
1-1: Fly out, F7 (Flyball, 7M)
Bottom of the 4th over - 0 run(s), 1 hit(s), 0 error(s), 1 left on base; Salem 3 - San Bernardino 3
TOP OF THE 5TH
Salem Misfits batting - Pitching for San Bernardino Grasshoppers : LHP Myles Wilkerson
Batting: SHB Fernando Sánchez 0-0: Ball
1-0: Called Strike
1-1: Ball
2-1: DOUBLE (Line Drive, 7LS)
Batting: LHB José Corona 0-0: Ball
1-0: Foul Ball, location: 2F
1-1: Called Strike
1-2: Foul Ball, location: 2F
1-2: Ball
2-2: Strikes out swinging
Batting: RHB Jim Unknown 0-0: Ball
1-0: Foul Ball, location: 2F
1-1: Foul Ball, location: 2F
1-2: Fly out, F3 (Popup, 4)
Batting: RHB Ernesto Souza 0-0: Swinging Strike
0-1: Called Strike
0-2: Strikes out swinging
Top of the 5th over - 0 run(s), 1 hit(s), 0 error(s), 1 left on base; Salem 3 - San Bernardino 3
BOTTOM OF THE 5TH
San Bernardino Grasshoppers batting - Pitching for Salem Misfits : RHP Kenny Koehler
Batting: RHB José Paz 0-0: Ball
1-0: Foul Ball, location: 2F
1-1: Fly out, F9 (Flyball, 9S)
Batting: LHB Natale Langushi 0-0: Ball
1-0: Ball
2-0: Called Strike
2-1: Called Strike
2-2: Strikes out looking
Batting: RHB Manny Cervantes 0-0: Called Strike
0-1: Ball
1-1: SINGLE (Line Drive, 4MD)
Pitching: RHP José Vargo
Batting: LHB Jesús Reyes 0-0: Ball
Manny Cervantes steals 2nd base
1-0: Fly out, F9 (Flyball, 89D)
Bottom of the 5th over - 0 run(s), 1 hit(s), 0 error(s), 1 left on base; Salem 3 - San Bernardino 3
TOP OF THE 6TH
Salem Misfits batting - Pitching for San Bernardino Grasshoppers : LHP Myles Wilkerson
Batting: LHB Brent van Schoonhoven 0-0: Ball
1-0: Fly out, F5 (Popup, 5S)
Batting: RHB Ramón Ávila 0-0: Ball
1-0: Ball
2-0: Ground out 6-3 (Groundball, 6M)
Batting: RHB Héctor Cantú 0-0: Called Strike
0-1: Ball
1-1: Fly out, F9 (Flyball, 9M)
Top of the 6th over - 0 run(s), 0 hit(s), 0 error(s), 0 left on base; Salem 3 - San Bernardino 3
BOTTOM OF THE 6TH
San Bernardino Grasshoppers batting - Pitching for Salem Misfits : RHP José Vargo
Batting: RHB José Ruíz 0-0: Ball
1-0: Fly out, F9 (Flyball, 89D)
Batting: RHB Jerrel Woestenberg 0-0: SINGLE (Line Drive, 6MD)
Batting: RHB Matt Roloff 0-0: Called Strike
0-1: Called Strike
0-2: Ball
1-2: Strikes out swinging
Batting: RHB Arnold Giroux 0-0: Called Strike
0-1: Ball
1-1: Foul Ball, location: 2F
1-2: Strikes out swinging
Bottom of the 6th over - 0 run(s), 1 hit(s), 0 error(s), 1 left on base; Salem 3 - San Bernardino 3
TOP OF THE 7TH
Salem Misfits batting - Pitching for San Bernardino Grasshoppers : LHP Myles Wilkerson
Pitching: RHP Pablo Vargas
Batting: RHB Jesús Cisneros 0-0: Ground out 5-3 (Groundball, 5S)
Batting: RHB Raúl Reyna 0-0: Foul Ball, location: 2F
0-1: Swinging Strike
0-2: Foul Ball, location: 2F
0-2: Ball
1-2: Ground out 5-3 (Groundball, 5L)
Batting: SHB Fernando Sánchez 0-0: Ball
1-0: Called Strike
1-1: Ball
2-1: Ball
3-1: Fly out, F8 (Popup, 8RS)
Top of the 7th over - 0 run(s), 0 hit(s), 0 error(s), 0 left on base; Salem 3 - San Bernardino 3
BOTTOM OF THE 7TH
San Bernardino Grasshoppers batting - Pitching for Salem Misfits : RHP José Vargo
Pinch Hitting: RHB Steve Jones 0-0: Called Strike
0-1: Ball
1-1: Ball
2-1: Swinging Strike
2-2: Strikes out swinging
Batting: RHB José Paz 0-0: Ground out 4-3 (Groundball, 4)
Batting: LHB Natale Langushi 0-0: Called Strike
0-1: Ball
1-1: Called Strike
1-2: Foul Ball, location: 2F
1-2: Ball
2-2: Foul Ball, location: 2F
2-2: Fly out, F7 (Flyball, 7LM)
Bottom of the 7th over - 0 run(s), 0 hit(s), 0 error(s), 0 left on base; Salem 3 - San Bernardino 3
TOP OF THE 8TH
Salem Misfits batting - Pitching for San Bernardino Grasshoppers : RHP Pablo Vargas
Now at 1B: Arturo Aguilar
Batting: LHB José Corona 0-0: Ball
1-0: Called Strike
1-1: SINGLE (Line Drive, 34)
Batting: RHB Jim Unknown Balk!
José Corona to second
0-0: Ball
1-0: Ball
2-0: Ball
3-0: Called Strike
3-1: Ground out 1-3 (Groundball, 15)
Batting: RHB Ernesto Souza 0-0: Called Strike
0-1: Fly out, F9 (Flyball, 89M)
Runner from 2nd tags up, SAFE at 3rd with throw
Batting: LHB Brent van Schoonhoven 0-0: Ball
1-0: Ball
2-0: Foul Ball, location: 2F
2-1: Foul Ball, location: 2F
2-2: Ball
3-2: Base on Balls
Pinch Hitting: LHB Jim Unknown 0-0: Ball
1-0: Ball
2-0: Called Strike
2-1: Ball
3-1: Called Strike
3-2: Base on Balls
Brent van Schoonhoven to second
Batting: RHB Héctor Cantú 0-0: Ball
1-0: Called Strike
1-1: SINGLE (Flyball, 8LS)
José Corona scores
Brent van Schoonhoven to third
Jim Unknown to second
Runner from 3rd tries for Home, SAFE, no throw or cutoff
Batting: RHB Jesús Cisneros 0-0: Called Strike
0-1: Ball
1-1: Ball
2-1: Swinging Strike
2-2: Ball
3-2: Foul Ball, location: 2F
3-2: Base on Balls
Jim Unknown to third
Héctor Cantú to second
Batting: RHB Raúl Reyna 0-0: Called Strike
0-1: Ball
1-1: Called Strike
1-2: Fly out, F2 (Popup, 2LF)
Top of the 8th over - 2 run(s), 2 hit(s), 0 error(s), 3 left on base; Salem 5 - San Bernardino 3
BOTTOM OF THE 8TH
San Bernardino Grasshoppers batting - Pitching for Salem Misfits : RHP José Vargo
Now at 2B: Jim Unknown
Batting: RHB Manny Cervantes 0-0: Foul Ball, location: 2F
0-1: Ball
1-1: Ground out 6-3 (Groundball, 6)
Batting: LHB Jesús Reyes 0-0: Ball
1-0: Called Strike
1-1: Ball
2-1: Ground out 4-3 (Groundball, 4)
Batting: RHB José Ruíz 0-0: Foul Ball, location: 2F
0-1: Ball
1-1: Foul Ball, location: 2F
1-2: Foul Ball, location: 2F
1-2: Ground out 6-3 (Groundball, 6)
Bottom of the 8th over - 0 run(s), 0 hit(s), 0 error(s), 0 left on base; Salem 5 - San Bernardino 3
TOP OF THE 9TH
Salem Misfits batting - Pitching for San Bernardino Grasshoppers : RHP Pablo Vargas
Batting: SHB Fernando Sánchez 0-0: Fly out, F5 (Popup, 5DF)
Batting: LHB José Corona 0-0: Ball
1-0: Ball
2-0: Ground out 4-3 (Groundball, 34D)
Pitching: LHP Dan McBride
Batting: RHB Jim Unknown 0-0: Ground out 1-3 (Groundball, 15S)
Top of the 9th over - 0 run(s), 0 hit(s), 0 error(s), 0 left on base; Salem 5 - San Bernardino 3
BOTTOM OF THE 9TH
San Bernardino Grasshoppers batting - Pitching for Salem Misfits : RHP José Vargo
Pitching: RHP Rob Rocha
Batting: RHB Jerrel Woestenberg 0-0: Called Strike
0-1: Ball
1-1: Foul Ball, location: 2F
1-2: SINGLE (Line Drive, 4M)
Pinch Hitting: RHB Brandon Cole 0-0: Fly out, F7 (Flyball, 78S)
Pinch Hitting: RHB Parker Smith 0-0: Foul Ball, location: 2F
0-1: SINGLE (Groundball, 15) (infield hit)
Jerrel Woestenberg to second
Pinch Hitting: RHB Roberto Ruíz 0-0: Ball
1-0: Foul Ball, location: 2F
1-1: Ball
2-1: Called Strike
2-2: Foul Ball, location: 2F
2-2: Grounds into double play, 4-6-3 (Groundball, 4)
Bottom of the 9th over - 0 run(s), 2 hit(s), 0 error(s), 1 left on base; Salem 5 - San Bernardino 3
This league is powered by Out of the Park Baseball, the baseball management simulation game for PC, Mac and Linux
Monday, October 3rd, 2016 - OOTP Baseball 16.9 Build 39